 Dungeon Crawl Stone Soup version 0.29.1-13-g9f3cf754e1 (webtiles) character file.

Game seed: 1033791861817790785

84 Klatu the Grave Robber (level 4, 0/24 HPs)
             Began as a Tengu Necromancer on Feb 10, 2023.
             Slain by Natasha (7 damage)
             ... on level 2 of the Dungeon.
             The game lasted 00:15:34 (2578 turns).

Klatu the Grave Robber (Tengu Necromancer)          Turns: 2578, Time: 00:15:35

Health: 0/24       AC:  2    Str:  8    XL:     4   Next: 45%
Magic:  2/8        EV: 12    Int: 16    God:
Gold:   45         SH:  0    Dex: 16    Spells: 4/7 levels left

rFire   . . .      SeeInvis .   d - +1 short sword (elec)
rCold   . . .      Faith    .   (no shield)
rNeg    . . .      Spirit   .   a - +0 robe
rPois   .          Reflect  .   (helmet restricted)
rElec   .          Harm     .   (no cloak)
rCorr   +          Rampage  .   (no gloves)
Will    .....                   (boots unavailable)
Stlth   ++........              (no amulet)
HPRegen 0.08/turn               q - ring of resist corrosion
MPRegen 0.11/turn               (no ring)

@: no status effects
A: beak, talons 3
a: no special abilities


You were on level 2 of the Dungeon.
You visited 1 branch of the dungeon, and saw 3 of its levels.

You collected 45 gold pieces.

Inventory:

Hand Weapons
 c - a +1 dagger of freezing
 d - a +1 short sword of electrocution (weapon)
Armour
 a - a +0 robe (worn)
 h - a +0 leather armour
Jewellery
 g - an amulet of guardian spirit
 q - a ring of resist corrosion (left hand)
Wands
 s - a wand of flame (20)
Scrolls
 f - a scroll of immolation {unknown}
 i - a scroll of noise {unknown}
 l - a scroll of amnesia
 p - a scroll of identify {unknown}
 r - a scroll of fog {unknown}
Potions
 b - 2 potions of magic
 e - a potion of lignification {unknown}
 j - a potion of heal wounds {unknown}
 k - 3 potions of curing {unknown}
 m - a potion of flight {unknown}
 n - 2 potions of might {unknown}
 o - 2 potions of mutation {unknown}


   Skills:
 + Level 2.0 Short Blades
 - Level 2.1 Dodging
 - Level 2.0 Stealth
 - Level 2.0 Spellcasting
 * Level 5.9 Necromancy


You had 4 spell levels left.
You knew the following spells:

 Your Spells              Type           Power      Damage    Failure   Level
b - Vampiric Draining     Necr           20%        2d7       5%          3

Your spell library contained the following spells:

 Spells                   Type           Power      Damage    Failure   Level
 Necrotise                Necr           80%        1d8       1%          1
 Animate Dead             Necr           20%        N/A       19%         4
 Agony                    Necr           20%        N/A       45%         5


Dungeon Overview and Level Annotations

Branches:
Dungeon (3/15)

Altars:

Shops:
D:1 [

Annotations:
D:2 Natasha
D:3 exclusions: adder and dart slug


Innate Abilities, Weirdness & Mutations

You have a beak for a mouth.
You have claws for feet.


Message History

s - a wand of flame (20)
Found a stone staircase leading up.
A dart slug and an adder come into view.
Found a scroll labelled FAUPOR ODU.
There is a stone staircase leading up here.
You climb upwards.
Level annotation: Natasha Natasha claws you.
There is a stone staircase leading down here.
Casting: Necrotise (safe; 1% risk of failure)
Confirm with . or Enter, or press ? or * to list all spells.
Aiming: Necrotise (safe; 1% risk of failure)
Press: ? - help, Shift-Dir - straight line, f - Natasha
Aim: Natasha (chance to affect: 78%)
Okay, then.
You hit Natasha but do no damage. You claw Natasha, but do no damage.
Your peck misses Natasha. Natasha claws you!
You hit Natasha but do no damage. Your kick misses Natasha. Natasha claws you.
As you read the scroll labelled ZIUCUI XUOSAR, it crumbles to dust.
It is a scroll of amnesia.
Forget Necrotise, freeing 1 spell level for a total of 4?
Your memory of Necrotise unravels.
Natasha claws you but does no damage.
Casting: Vampiric Draining (quite dangerous; 5% risk of failure)
Confirm with . or Enter, or press ? or * to list all spells.
The spell is quite dangerous to miscast (5% risk of failure)!
Continue anyway?
Aiming: Vampiric Draining (quite dangerous; 5% risk of failure)
Press: ? - help, Shift-Dir - straight line, f - Natasha
Aim: Natasha You draw life force from Natasha.
You feel life coursing into your body. Natasha claws you!
* * * LOW HITPOINT WARNING * * *
Casting: Vampiric Draining (quite dangerous; 5% risk of failure)
Confirm with . or Enter, or press ? or * to list all spells.
The spell is quite dangerous to miscast (5% risk of failure)!
Continue anyway?
Aiming: Vampiric Draining (quite dangerous; 5% risk of failure)
Press: ? - help, Shift-Dir - straight line, f/p - Natasha
Aim: Natasha (moderately wounded)
You draw life force from Natasha!
You feel life coursing into your body. Natasha claws you!
You die...

######.#.#.#### ####
._5.5.).....h.# #...
######.#.#.##5################.##
###....r.5....##............#
#......###..)....##########.##
#.###.## ####.#### #... #.##..#
#.# ###. #.##.## #.# #. #.##.#
#@# #. #.##.# #h########### #.
#.##.# ##...h.......## #.
####.##.#######.....5..h....# #.
................##########..####.
####.##.#######.##########..<....
#.##.# #................#. ##
#.##.# #.##########.###.#. .#
#.##.# #.# #.# #.#.


You could see Natasha.

Vanquished Creatures
  Jessica (D:2)
  3 worms (D:2)
  2 dart slugs (D:1)
  7 ball pythons
  2 bats (D:1)
  An endoplasm (D:2)
  3 giant cockroaches
  5 goblins
  2 hobgoblins
  2 kobolds (D:2)
  5 quokkas
  3 frilled lizards
  6 rats
42 creatures vanquished.

Vanquished Creatures (collateral kills)
  A ball python (D:2)
1 creature vanquished.

Grand Total: 43 creatures vanquished

Notes
Turn   | Place    | Note
-------+----------+-------------------------------------------
     0 | D:1      | Klatu the Tengu Necromancer began the quest for the Orb.
     0 | D:1      | Reached XP level 1. HP: 10/10 MP: 4/4
   424 | D:1      | Found Ajei's Antique Armour Boutique.
   439 | D:1      | Reached XP level 2. HP: 15/15 MP: 4/6
   666 | D:1      | Reached skill level 5 in Necromancy
  1251 | D:1      | Reached skill level 1 in Short Blades
  1251 | D:1      | Reached XP level 3. HP: 19/19 MP: 7/7
  1509 | D:2      | Noticed Jessica
  1512 | D:2      | Killed Jessica
  1541 | D:2      | Reached XP level 4. HP: 24/24 MP: 6/8
  1890 | D:2      | Learned a level 3 spell: Vampiric Draining
  2221 | D:2      | Found a faded altar of an unknown god.
  2234 | D:2      | Noticed Natasha
  2478 | D:2      | Identified the +6 spear of the Holding Hero {flame, MP+9
                  | Dex+7}
  2578 | D:2      | Slain by Natasha

Illustrated notes

Levels and vault maps discovered:
D:1:      amcnicky_arrival_wind_blow, layout_basic, serial_shops, shop,
          minmay_box_of_dots
D:2:      layout_loops_ring, basic_ecumenical_altar, uniq_jessica, uniq_natasha
D:3:      layout_basic, mainiacjoe_overflow_alcove_2, minmay_stone_trees_small,
          minmay_quantized

Skill      XL: |  1  2  3  4 |
---------------+-------------+-----
Necromancy     | 5 |  5.9
Short Blades   | 1 2 |  2.0
Dodging        | |  2.1
Stealth        | |  2.0
Spellcasting   | |  2.0

Action                   |  1- 3 |  4- 6 || total
-------------------------+-------+-------++-------
Melee: Dagger            |     2 |       ||     2
       Kick              |     5 |     3 ||     8
       Short sword       |     9 |    12 ||    21
 Cast: Necrotise         |    28 |    26 ||    54
       Vampiric Draining |       |     2 ||     2
  Use: Scroll            |       |     1 ||     1
 Stab: Sleeping          |     4 |     3 ||     7
Armor: Robe              |       |     1 ||     1
Dodge: Dodged            |     8 |     5 ||    13
